 Dungeon Crawl Stone Soup version 0.27-a0-906-g0a00ce863d (webtiles) character file.

Game seed: 337443313490793716

23779 nicknak712 the Carver (level 12, -2/145 HPs)
             Began as a Demonspawn Berserker on Apr 6, 2021.
             Was a High Priest of Trog.
             Slain by an orc
             ... wielding a +0 club
              (4 damage)
             ... on level 2 of the Orcish Mines on Apr 7, 2021.
             The game lasted 00:57:31 (15968 turns).

nicknak712 the Carver (Demonspawn Berserker)       Turns: 15968, Time: 00:57:32

Health: -2/145     AC: 26    Str: 24    XL:     12   Next: 74%
Magic:  4/4        EV:  2    Int:  8    God:    Trog [*****.]
Gold:   1298       SH:  0    Dex: 24    Spells: 11/11 levels left

rFire    . . .     SeeInvis +   M - +3 triple sword (antimagic)
rCold    . . .     Faith    .   (shield currently unavailable)
rNeg     + + +     Spirit   .   (armour currently unavailable)
rPois    +         Reflect  .   (helmet unavailable)
rElec    .         Harm     .   (cloak currently unavailable)
rCorr    .         Rampage  .   (gloves currently unavailable)
Will     .....     NoTele   +   (boots currently unavailable)
Stlth    +++++++...             (no amulet)
HPRegen  0.34/turn              k - +6 ring of dexterity
MPRegen  0.18/turn              q - ring of see invisible

@: tree-form, on berserk cooldown, slowed, very slow
A: stationary, stasis, torment immunity, boosted hp, (horns 3), thin skeletal
structure 3, demonic guardian 2, magic regeneration
a: Renounce Religion, Berserk, Trog's Hand, Brothers in Arms


You were on level 2 of the Orcish Mines.
You worshipped Trog.
Trog was extremely pleased with you.
You were a tree.
You visited 2 branches of the dungeon, and saw 14 of its levels.

You collected 1694 gold pieces.
You spent 396 gold pieces at shops.

Inventory:

Hand Weapons
 a - a +0 falchion
 g - a +1 dagger of pain
 l - a +3 great sword of protection
 r - a +4 falchion
 M - a +3 antimagic triple sword (weapon)
Missiles
 E - 2 throwing nets
Armour
 b - a +0 animal skin
 c - a +0 leather armour
 h - a +0 ring mail
 m - a +0 pair of boots (melded)
 o - a +0 cloak (melded)
 u - a +2 leather armour of willpower
 C - a +1 pair of gloves (melded)
 H - the +0 robe of the Devil's Team {rElec rPois Dex-2}
   (You found it on level 9 of the Dungeon)

   It affects your dexterity (-2).
   It insulates you from electricity.
   It protects you from poison.
 K - the +3 hat of Pondering {ponderous, Will+ MP+10 Int+5}
   (You took it off Gastronok on level 12 of the Dungeon)

   It affects your intelligence (+5).
   It affects your magic capacity (+10).
   It increases your willpower.
 L - the +1 leather armour of Hubris (melded) {Str+4}
   (You bought it in a shop on level 12 of the Dungeon)

   It affects your strength (+4).
Jewellery
 f - a ring of poison resistance
 k - a +6 ring of dexterity (left branch)
 q - a ring of see invisible (right branch)
 y - a ring of resist corrosion
 D - a ring of protection from cold
 F - a ring of flight
 G - a ring of protection from cold
Wands
 x - a wand of random effects (10)
 z - a wand of acid (26)
 B - a wand of iceblast (9)
 I - a wand of polymorph (6)
Scrolls
 d - a scroll of silence
 j - 5 scrolls of identify
 p - 2 scrolls of noise
 t - 2 scrolls of holy word
 w - 4 scrolls of teleportation
 A - 2 scrolls of immolation
 J - a scroll of fog
Potions
 e - a potion of brilliance
 i - a potion of degeneration
 s - a potion of mutation
 v - 2 potions of flight


   Skills:
 + Level 9.7 Fighting
 + Level 13.9 Long Blades
 + Level 5.7 Armour
 + Level 6.5 Dodging
 + Level 8.5 Stealth


You had 11 spell levels left.
You didn't know any spells.
Your spell library was empty.

Dungeon Overview and Level Annotations

Branches:
Dungeon (12/15)            Temple (0/1) D:4            Lair (0/6) D:8
    Orc (2/2) D:12            Elf (0/3) Orc:2

Altars:
Hepliaklqana
Kikubaaqudgha
Makhleb
Okawaru
Ru
Vehumet
Yredelemnul
Beogh

Shops:
D:2 [   D:4 ([!*   D:12 *

Portals:
Trove: D:10 (give 7 scrolls of fog)
Bailey: D:7

Annotations:
Orc:2 1 runed translucent door, exclusion: 4 orange crystal statues


Innate Abilities, Weirdness & Mutations

You are a tree.
Your roots penetrate the ground, keeping you stationary.
You cannot be teleported.
You are immune to unholy pain and torment.
Your maximum health is greatly increased.
Your equipment is partially melded.
((You have a pair of large horns on your head.))
You have an unnaturally thin skeletal structure. (Dex +6, Stealth++)
A demonic guardian rushes to your aid.
You regenerate magic rapidly.


Message History

You are engulfed in a cloud of scalding steam.
* * * LOW HITPOINT WARNING * * *
Your ogre barely misses the orc knight.
Your smoke demon closely misses the orc knight.
Your smoke demon barely misses the orc knight.
Your smoke demon closely misses the orc knight.
Your ogre completely misses the orc knight.
The orc knight hits you with a +0 great sword!
* * * LOW HITPOINT WARNING * * *
The orc is engulfed in a cloud of scalding steam.
The orc hits you with a +0 short sword.
* * * LOW HITPOINT WARNING * * *
The orc is engulfed in a cloud of scalding steam.
The orc dies!
Trog accepts your kill.
Your smoke demon hits the orc knight but does no damage. x2
Your smoke demon hits the orc knight.
Your ogre hits the orc knight with a +0 giant spiked club!!!
Really quaff the potion of lignification?
You turn into a tree.
Your +0 cloak melds into your body.
Your +1 pair of gloves melds into your body.
Your +0 pair of boots melds into your body.
The +1 leather armour of Hubris {Str+4} melds into your body.
Your roots penetrate the ground.
The orc knight hits you but does no damage.
The orc hits you but does no damage.
Your smoke demon barely misses the orc knight. x2
Your smoke demon hits the orc knight but does no damage.
Your ogre closely misses the orc knight.
The orc knight hits you with a +0 great sword!
* * * LOW HITPOINT WARNING * * *
The orc hits you with a +0 short sword.
* * * LOW HITPOINT WARNING * * *
Your smoke demon hits the orc knight. x2
The orc knight dies!
Trog accepts your kill.
You hit the orc.
The orc is moderately wounded.
The orc hits you with a +0 club.
You die...

# ##.. #
#######....
#..........
#.....§...
#..#
#....§..#
...#.#
###....).#
.....#
##.#.§oo§.#
....##
#...3)♣O..##
.....#
##$..))....#
..>..
#).......##
..# .
##...$..##
.## ...
##.....$##
######...
#........#
..#......
##......##
.......#
###....#
.......#
##....##
#####


You could see 2 orcs, a friendly smoke demon (summoned) and a friendly ogre
(summoned, berserk).

Vanquished Creatures
  Gastronok (D:12)
  A boulder beetle (D:11)
  6 two-headed ogres
  Pikel (D:4)
  2 orc knights (Orc:2)
  An ugly thing (D:12)
  3 cyclopes
  2 orc sorcerers
  3 manticores
  2 gargoyles
  An unseen horror (D:10)
  2 guardian mummies (D:10)
  4 trolls
  2 slime creatures (D:12)
  A meliai zombie (D:11)
  4 shadows
  4 wyverns
  4 yaks (D:8)
  A wraith (D:12)
  5 vampire mosquitoes
  4 wargs
  2 water moccasins
  8 orc warriors
  A sky beast (D:7)
  11 ogres
  A phantom (D:5)
  4 centaurs
  2 kobold brigands
  2 bullfrogs (D:8)
  A wyvern zombie (D:8)
  A gnoll sergeant (D:11)
  A scorpion (D:7)
  5 killer bees (D:10)
  4 howler monkeys
  4 centaur zombies
  3 jellies
  A hound (D:6)
  3 centaur skeletons
  A gnoll shaman (D:3)
  11 orc priests
  2 bullfrog skeletons
  5 iguanas
  12 orc wizards
  A killer bee zombie (D:5)
  A hound skeleton (D:5)
  A hound zombie (D:2)
  13 gnolls
  2 howler monkey skeletons
  8 adders
  An ufetubus (D:4)
  An adder skeleton (D:4)
  3 worms
  5 dart slugs
  44 orcs
  13 ball pythons
  8 bats
  7 endoplasms
  2 giant cockroaches
  9 goblins
  7 hobgoblins
  3 jackals
  12 kobolds
  3 quokkas
  5 frilled lizards
  A jackal skeleton (D:4)
  6 rats
295 creatures vanquished.

Vanquished Creatures (collateral kills)
  A boulder beetle (D:12)
  A centaur warrior (D:9)
  An orc knight (Orc:2)
  A yak (D:8)
  A warg (Orc:2)
  6 orc warriors
  An orc priest (Orc:2)
  4 orc wizards
  A dart slug (D:1)
  17 orcs
  An endoplasm (D:3)
35 creatures vanquished.

Vanquished Creatures (others)
  2 fungi (D:6)
  7 plants
9 creatures vanquished.

Grand Total: 339 creatures vanquished

Notes
Turn   | Place    | Note
-------+----------+-------------------------------------------
     0 | D:1      | nicknak712 the Demonspawn Berserker began the quest for the
                  | Orb.
     0 | D:1      | Reached XP level 1. HP: 18/18 MP: 1/1
   423 | D:1      | Gained mutation: A weak demonic guardian rushes to your
                  | aid. [demonic ancestry]
   423 | D:1      | Reached XP level 2. HP: 24/24 MP: 2/2
   438 | D:1      | Reached skill level 3 in Long Blades
  1039 | D:1      | Found a faded altar of an unknown god.
  1081 | D:1      | Gained mutation: You have a somewhat thin skeletal
                  | structure. (Dex +2, Stealth) [demonic ancestry]
  1081 | D:1      | Reached XP level 3. HP: 27/29 MP: 3/3
  1749 | D:2      | Reached ** piety under Trog
  2046 | D:2      | Found Hedwes's Armour Boutique.
  2295 | D:2      | Gained mutation: You have a moderately thin skeletal
                  | structure. (Dex +4, Stealth+) [demonic ancestry]
  2295 | D:2      | Reached XP level 4. HP: 30/35 MP: 4/4
  2796 | D:3      | Found a basalt altar of Yredelemnul.
  2910 | D:3      | Reached skill level 4 in Long Blades
  2910 | D:3      | Gained mutation: You have a pair of small horns on your
                  | head. [demonic ancestry]
  2910 | D:3      | Reached XP level 5. HP: 39/42 MP: 5/5
  3123 | D:3      | Reached skill level 1 in Stealth
  3752 | D:4      | Reached *** piety under Trog
  3937 | D:4      | Gained mutation: A demonic guardian rushes to your aid.
                  | [demonic ancestry]
  3937 | D:4      | Reached XP level 6. HP: 48/48 MP: 6/6
  4328 | D:4      | Found a staircase to the Ecumenical Temple.
  4369 | D:4      | Found Toidd's Weapon Shoppe.
  4407 | D:4      | Found Oculush's Armour Shop.
  4547 | D:4      | Found an ancient bone altar of Kikubaaqudgha.
  4559 | D:4      | Found a burning altar of Makhleb.
  4676 | D:4      | Noticed Pikel
  4685 | D:4      | Killed Pikel
  4686 | D:4      | Reached skill level 5 in Long Blades
  4686 | D:4      | Reached XP level 7. HP: 55/55 MP: 7/7
  4689 | D:4      | Found Cosotaa's Distillery.
  4822 | D:4      | Found Bafo's General Store.
  4831 | D:4      | Bought a scroll of enchant weapon for 105 gold pieces
  4981 | D:5      | Entered Level 5 of the Dungeon
  4983 | D:5      | Identified a scroll of acquirement
  4983 | D:5      | Acquired a +2 great sword of protection
  5349 | D:5      | Gained mutation: You have a pair of horns on your head.
                  | [demonic ancestry]
  5349 | D:5      | Reached XP level 8. HP: 61/61 MP: 8/8
  5367 | D:5      | Reached skill level 6 in Long Blades
  6192 | D:6      | Noticed a two-headed ogre
  6203 | D:6      | Killed a two-headed ogre
  6204 | D:6      | Reached skill level 5 in Fighting
  6204 | D:6      | Reached skill level 7 in Long Blades
  6374 | D:6      | Found a hazy altar of Hepliaklqana.
  6730 | D:6      | Reached XP level 9. HP: 56/68 MP: 9/9
  6789 | D:6      | Found a sacrificial altar of Ru.
  6876 | D:7      | Found a flagged portal.
  6918 | D:7      | Reached **** piety under Trog
  6931 | D:7      | Found a radiant altar of Vehumet.
  6998 | D:7      | Reached skill level 5 in Stealth
  7243 | D:8      | Reached skill level 8 in Long Blades
  7557 | D:8      | Found a staircase to the Lair.
  7580 | D:8      | Reached skill level 9 in Long Blades
  7628 | D:8      | Gained mutation: You regenerate magic rapidly. [demonic
                  | ancestry]
  7628 | D:8      | Reached XP level 10. HP: 51/77 MP: 10/10
  7834 | D:8      | Noticed a manticore
  7842 | D:8      | Noticed a cyclops
  7848 | D:8      | Killed a cyclops
  7850 | D:8      | Killed a manticore
  7851 | D:8      | Reached skill level 10 in Long Blades
  8403 | D:9      | Noticed a centaur warrior
  8411 | D:9      | Killed a centaur warrior
  8760 | D:9      | Found an iron altar of Okawaru.
  8854 | D:9      | Noticed a two-headed ogre
  8856 | D:9      | Killed a two-headed ogre
  9028 | D:9      | Identified the +0 robe of the Devil's Team {rElec rPois
                  | Dex-2}
  9275 | D:10     | Entered Level 10 of the Dungeon
  9336 | D:10     | Noticed a two-headed ogre
  9347 | D:10     | Killed a two-headed ogre
  9348 | D:10     | Reached skill level 11 in Long Blades
  9348 | D:10     | Reached skill level 5 in Armour
  9733 | D:10     | Reached skill level 5 in Dodging
 10131 | D:10     | Gained mutation: You have a pair of large horns on your
                  | head. [demonic ancestry]
 10131 | D:10     | Reached XP level 11. HP: 72/84 MP: 11/11
 10430 | D:10     | Found a portal to a secret trove of treasure.
 10604 | D:10     | Noticed a two-headed ogre
 10611 | D:10     | Killed a two-headed ogre
 11069 | D:11     | Noticed a boulder beetle
 11087 | D:11     | Killed a boulder beetle
 11849 | D:11     | Noticed a two-headed ogre
 11857 | D:11     | Killed a two-headed ogre
 11858 | D:11     | Reached skill level 12 in Long Blades
 12417 | D:12     | Found a staircase to the Orcish Mines.
 13033 | D:12     | Noticed Gastronok
 13052 | D:12     | Killed Gastronok
 13053 | D:12     | Gained mutation: You have an unnaturally thin skeletal
                  | structure. (Dex +6, Stealth++) [demonic ancestry]
 13053 | D:12     | Reached XP level 12. HP: 46/94 MP: 12/12
 13451 | D:12     | Noticed a boulder beetle
 13474 | D:12     | Killed a boulder beetle
 13474 | D:12     | Reached ***** piety under Trog
 13905 | D:12     | Reached skill level 13 in Long Blades
 14127 | D:12     | Found Palewoon's General Store.
 14130 | D:12     | Bought the +1 leather armour of Hubris {Str+4} for 291 gold
                  | pieces
 14438 | Orc:1    | Entered Level 1 of the Orcish Mines
 14840 | Orc:1    | Received a gift from Trog
 15072 | Orc:1    | Noticed a two-headed ogre
 15075 | Orc:1    | Killed a two-headed ogre
 15211 | Orc:2    | Entered Level 2 of the Orcish Mines
 15232 | Orc:2    | Found a runed translucent door.
 15256 | Orc:2    | Found the +10 tower shield of Ignorance {rN+ Int-4}
 15287 | Orc:2    | Found a runed translucent door.
 15337 | Orc:2    | Found a staircase to the Elven Halls.
 15967 | Orc:2    | HP: 2/145 [orc knight/+0 great sword (7)]
 15968 | Orc:2    | Slain by an orc

Illustrated notes

Levels and vault maps discovered:
D:1:      lemuel_arrival_lava_pool, layout_basic, ebering_ecumenical_altar_box,
          minmay_pentomino_o2
D:2:      layout_basic, serial_shops, nicolae_shop_stone,
          corexii_item_surrounded_by_moat, minmay_vboxes
D:3:      layout_rooms, overflow_temple_1_default
D:4:      layout_loops_ring, grunt_temple_overflow_open,
          minmay_temple_entry_junction_2, serial_shops,
          nicolae_shop_temple_entry_statues_fountains, shop, shop, shop,
          minmay_snake_closets, uniq_pikel
D:5:      layout_loops_corners
D:6:      layout_basic, marbit_many_paths, nicolae_ru_the_path_less_chosen
D:7:      layout_cave_pools, nicolae_vehumet_altar_sigil, enter_bailey_6
D:8:      layout_basic, minmay_lair_entry_grove, amcnicky_mini_corridor_feature,
          grunt_ogre_cave, minmay_radiant
D:9:      layout_irregular_city, amcnicky_altar_gilded
D:10:     layout_grid_maze, nicolae_trove_entry_path_of_doom, fountainhead,
          feat_on_display
D:11:     layout_stronghold
D:12:     layout_stronghold, hiddenorc2_lemuel, serial_shops, kennysheep_mini,
          uniq_gastronok
Orc:1:    layout_diamond_mine, basic_altar
Orc:2:    grunt_orc_tribal_feast, layout_diamond_mine,
          chequers_guarded_unrand_ignorance

Skill      XL: |  1  2  3  4  5  6  7  8  9 10 11 12 |
---------------+-------------------------------------+-----
Dodging        | 2 3 4 5 6 |  6.5
Long Blades    | 3 4 5 7 9 11 12 13 | 13.9
Armour         | 2 3 4 5 |  5.7
Stealth        | 1 3 4 5 6 7 8 |  8.5
Fighting       | 4 5 6 7 8 9 |  9.7

Action                   |  1- 3 |  4- 6 |  7- 9 | 10-12 || total
-------------------------+-------+-------+-------+-------++-------
Melee: Falchion          |   116 |   158 |     2 |       ||   276
       Headbutt          |       |    38 |    49 |   128 ||   215
       Great sword       |       |       |   114 |   273 ||   387
       Triple sword      |       |       |       |    42 ||    42
Invok: Berserk           |       |     3 |     1 |     5 ||     9
       Trog's Hand       |       |     1 |     1 |     3 ||     5
       Brothers in Arms  |       |       |       |     3 ||     3
  Use: Scroll            |       |       |     8 |     8 ||    16
       Potion            |       |       |     8 |     4 ||    12
 Stab: Sleeping          |     2 |    10 |    13 |    28 ||    53
       Distracted        |       |     1 |       |     2 ||     3
Armor: Animal skin       |     7 |       |       |       ||     7
       Leather armour    |     5 |     2 |    50 |   141 ||   198
       Ring mail         |    33 |    66 |       |       ||    99
       Skin              |       |       |       |     2 ||     2
Dodge: Dodged            |    89 |   128 |    92 |   291 ||   600
       Rpst.: Falchion   |    28 |    35 |     1 |       ||    64
       Great sword       |       |       |    29 |    54 ||    83
       Triple sword      |       |       |       |    19 ||    19

Table legend: (Time is in decaauts)
 A = Elapsed time spent in this place.
 B = Non-inter-level travel time spent in this place.
 C = Inter-level travel time spent in this place.
 D = Time resting spent in this place.
 E = Time spent auto-exploring this place.
 F = Levels seen in this place.
 G = Mean time per level.
                   A        B        C        D        E       F      G
               +--------+--------+--------+--------+--------+-----+--------+
         Total |  16169 |  15848 |    321 |      0 |  10553 |  14 | 1154.9 |
       Dungeon |  14620 |  14322 |    298 |      0 |   9804 |  12 | 1218.3 |
  Orcish Mines |   1548 |   1525 |     23 |      0 |    749 |   2 |  774.0 |
               +--------+--------+--------+--------+--------+-----+--------+

Top non-repeatable levels by time:
    D:12: 2099 daAuts
    D:10: 1716 daAuts
     D:1: 1673 daAuts
    D:11: 1390 daAuts
     D:4: 1249 daAuts
     D:5: 1175 daAuts
     D:3: 1166 daAuts
     D:9: 1103 daAuts
     D:8: 965 daAuts
     D:2: 953 daAuts
   Orc:2: 775 daAuts
   Orc:1: 773 daAuts
     D:6: 701 daAuts
     D:7: 426 daAuts
